 Dungeon Crawl Stone Soup version 0.23.0-3-gf3c87f2 (webtiles) character file.

Game seed: 1985368849606552388

13078 Lanoc the Nimble (level 12, -2/96 HPs)
             Began as a Gnoll Monk on Feb 24, 2019.
             Was an Elder of Fedhas.
             Slain by a yak (13 damage)
             ... on level 11 of the Dungeon.
             The game lasted 00:33:42 (9429 turns).

Lanoc the Nimble (Gnoll Monk)                       Turns: 9429, Time: 00:33:43

Health: -2/96      AC:  2    Str: 15    XL:     12   Next: 2%
Magic:  22/22      EV: 20    Int: 13    God:    Fedhas [****..]
Gold:   585        SH:  0    Dex: 21    Spells: 21/24 levels left

rFire    . . .     SeeInvis .   B - +7 mace of Variability {chain chaos}
rCold    . . .     Gourm    .   (shield currently unavailable)
rNeg     . . .     Faith    .   b - +0 robe
rPois    .         Spirit   .   (no helmet)
rElec    .         Reflect  .   (no cloak)
rCorr    +         Harm     .   A - +1 pair of gloves
MR       .....                  (no boots)
Stlth    +++++.....             s - amulet of regeneration
HPRegen  0.66/turn              l - ring of resist corrosion
MPRegen  0.18/turn              J - ring of stealth

@: corroded
A: distributed training, fangs 1, iridescent scales 1, MP-powered wands, strong
nose
a: Fungal Bloom, Sunlight, Evolution, Growth, Reproduction, Renounce Religion


You were on level 11 of the Dungeon.
You worshipped Fedhas.
Fedhas was greatly pleased with you.
You were not hungry.

You visited 2 branches of the dungeon, and saw 13 of its levels.

You collected 663 gold pieces.
You spent 78 gold pieces at shops.

Inventory:

Hand Weapons
 B - the +7 mace of Variability (weapon) {chain chaos}
   (You found it on level 10 of the Dungeon)

   Each time it hits an enemy it has a different, random effect.
Missiles
 m - 241 arrows
 o - 23 bolts
 y - 19 sling bullets
Armour
 b - a +0 robe (worn)
 A - a +1 pair of gloves (worn)
Jewellery
 i - an uncursed amulet of rage {unknown}
 l - a ring of resist corrosion (left hand)
 r - an uncursed ring of fire
 s - an amulet of regeneration (around neck)
 G - an uncursed ring of flight
 J - a ring of stealth (right hand)
Wands
 d - a wand of acid (22)
 q - a wand of iceblast (3)
 v - a wand of digging (5)
 w - a wand of flame (8)
 H - a wand of paralysis (6)
 I - a wand of polymorph (8)
Scrolls
 a - a scroll of silence
 e - 3 scrolls of magic mapping
 f - 4 scrolls of immolation
 h - 4 scrolls of enchant weapon
 j - 4 scrolls of fear
 k - 2 scrolls of teleportation
 p - 6 scrolls of remove curse
 u - 2 scrolls of blinking
 C - 2 scrolls of enchant armour {unknown}
Potions
 g - a potion of brilliance
 n - 5 potions of lignification
 x - 2 potions of cancellation
 z - a potion of curing
 E - a potion of haste {unknown}
 F - a potion of agility
Miscellaneous
 t - a lightning rod (4/4)
Comestibles
 c - 17 rations


   Skills:
 + Level 9.4 Fighting
 + Level 6.7 Short Blades
 + Level 9.4 Long Blades
 + Level 6.7 Axes
 + Level 6.7 Maces & Flails
 + Level 6.7 Polearms
 + Level 6.7 Staves
 + Level 6.7 Slings
 + Level 6.7 Bows
 + Level 6.7 Crossbows
 + Level 6.7 Throwing
 + Level 6.7 Armour
 + Level 9.4 Dodging
 + Level 8.0 Stealth
 + Level 6.7 Shields
 + Level 6.7 Unarmed Combat
 + Level 6.7 Spellcasting
 + Level 5.5 Conjurations
 + Level 5.5 Hexes
 + Level 5.5 Charms
 + Level 5.5 Summonings
 + Level 5.5 Necromancy
 + Level 5.5 Translocations
 + Level 5.5 Transmutations
 + Level 5.5 Fire Magic
 + Level 5.5 Ice Magic
 + Level 5.5 Air Magic
 + Level 5.5 Earth Magic
 + Level 5.5 Poison Magic
 + Level 7.4 Invocations
 + Level 6.7 Evocations


You had 21 spell levels left.
You knew the following spells:

 Your Spells              Type           Power        Failure   Level  Hunger
a - Mephitic Cloud        Conj/Pois/Air  ###.....     4%          3    ###....

Your spell library contained the following spells:

 Spells                   Type           Power        Failure   Level  Hunger
 Confusing Touch          Hex            ###...       1%          1    None
 Poisonous Vapours        Pois/Air       ###...       2%          2    #......
 Confuse                  Hex            ###.....     4%          3    ###....
 Conjure Flame            Conj/Fire      ###.....     4%          3    ###....
 Gell's Gravitas          Tloc           ###.......   4%          3    ###....
 Petrify                  Tmut/Erth      ###.....     16%         4    ####...
 Metabolic Englaciation   Hex/Ice        ###.......   41%         5    ######.
 Yara's Violent Unravell  Hex/Tmut       ###.......   41%         5    ######.
 Freezing Cloud           Conj/Ice/Air   ###.......   94%         6    #######
 Ring of Flames           Chrm/Fire      ###.......   100%        7    #######


Dungeon Overview and Level Annotations

Branches:
Dungeon (12/15)            Temple (1/1) D:7            Lair (0/6) D:9
    Orc: D:9-12

Altars:
Ashenzari
Cheibriados
Dithmenos
Elyvilon
Fedhas
Gozag
Hepliaklqana
Kikubaaqudgha
Makhleb
Nemelex Xobeh
Okawaru
Qazlal
Ru
Sif Muna
Trog
Uskayaw
Vehumet
Wu Jian
Xom
Yredelemnul
Zin
The Shining One

Shops:
D:7 *   D:9 *   D:11 (

Annotations:
D:6 3 runed translucent doors, SeriousVitamin's ghost, novice DEFE
Abyss:1 Blork the orc


Innate Abilities, Weirdness & Mutations

Your experience applies equally to all skills.
You have very sharp teeth.
Your uncanny sense of smell can sniff out nearby items.
You are partially covered in iridescent scales. (AC +2)
You expend magic power (3 MP) to strengthen your wands.


Message History

The yak is severely wounded.
The yak barely misses you. The iguana bites you.
* * * LOW HITPOINT WARNING * * *
You hit the yak.
Wisps of smoke drift from the yak's front hooves.
The yak is almost dead.
The yak gores you!
* * * LOW HITPOINT WARNING * * *
The iguana bites you.
* * * LOW HITPOINT WARNING * * *
The yak barely misses you.
You feel better. The iguana barely misses you. The yak misses you.
You barely miss the yak.
The yak is almost dead.
The iguana completely misses you. The yak closely misses you.
The iguana bites you!
* * * LOW HITPOINT WARNING * * *
You feel better. The yak gores you!
You die...
Fedhas appreciates your contribution to the ecosystem.

#..........##...#....
#.....###.......#....
#...............#.###
#......###'######.#..
#......#.....#....'.#
#.##...#..[..#....#.#
#.##...#.....#....#..
#..lY..#.....#....#..
#...@..##########'#..
#....†........^......
#......[.............
#....................
#....................
#....................
#..............[.....
#....................
#....................


You could see a yak and an iguana.

Vanquished Creatures
  Harold (D:8)
  A hydra (D:11)
  4 two-headed ogres
  An unseen horror (D:10)
  An ugly thing (D:11)
  A manticore (D:11)
  A cyclops (D:9)
  2 centaur zombies (D:11)
  Maurice (D:9)
  2 trolls
  4 hippogriffs
  A wraith (D:10)
  A yak (D:11)
  A spriggan (D:7)
  3 hungry ghosts
  2 chaos spawn (D:10)
  2 water moccasins
  Duvessa (D:6)
  2 orc warriors
  2 ice beasts (D:6)
  A necrophage (D:6)
  2 phantoms
  A sky beast (D:5)
  6 centaurs
  An ogre (D:5)
  An eye of draining (shapeshifter) (D:6)
  2 bullfrogs
  Dowan (D:5)
  3 scorpions
  3 water moccasin skeletons
  8 killer bees
  7 wights (D:11)
  5 howler monkeys
  5 crimson imps
  A bullfrog zombie (D:5)
  A quasit (D:6)
  6 orc priests
  Crazy Yiuf (D:5)
  6 hounds
  10 orc wizards
  A bullfrog skeleton (D:11)
  Ijyb (D:3)
  Natasha (D:3)
  9 worker ants
  2 hound zombies
  2 hound skeletons
  A worker ant zombie (D:11)
  3 adders
  4 gnolls (D:9)
  3 shadow imps
  An ooze (D:6)
  2 adder zombies
  3 worms
  2 dart slugs (D:1)
  4 leopard geckos
  29 orcs
  6 giant cockroaches
  8 goblins
  3 hobgoblins
  6 jackals
  7 kobolds
  6 quokkas
  3 ball pythons
  9 bats
  4 frilled lizards
  A leopard gecko skeleton (D:4)
  A leopard gecko zombie (D:6)
  A quokka skeleton (D:5)
  14 rats
242 creatures vanquished.

Vanquished Creatures (others)
  A necrophage (D:9)
  A wight (D:11)
  2 fungi (D:6)
  2 plants (D:6)
  54 toadstools
60 creatures vanquished.

Grand Total: 302 creatures vanquished

Notes
Turn   | Place    | Note
-------+----------+-------------------------------------------
     0 | D:1      | Lanoc the Gnoll Monk began the quest for the Orb.
     0 | D:1      | Reached XP level 1. HP: 23/23 MP: 1/1
    37 | D:1      | Reached XP level 2. HP: 25/29 MP: 2/2
   479 | D:1      | Reached XP level 3. HP: 35/35 MP: 3/3
   831 | D:3      | Reached skill level 1 in Invocations
   944 | D:3      | Found a faded altar of an unknown god.
   953 | D:3      | Noticed Ijyb
   958 | D:3      | HP: 1/35 [acid (13)]
   959 | D:3      | Gained mutation: You are partially covered in iridescent
                  | scales. (AC +2) [potion of mutation]
   959 | D:3      | Gained mutation: You expend magic power (3 MP) to
                  | strengthen your wands. [potion of mutation]
   966 | D:3      | Killed Ijyb
   966 | D:3      | Reached skill level 1 in Short Blades
   966 | D:3      | Reached skill level 1 in Axes
   966 | D:3      | Reached skill level 1 in Maces & Flails
   966 | D:3      | Reached skill level 1 in Polearms
   966 | D:3      | Reached skill level 1 in Staves
   966 | D:3      | Reached skill level 1 in Slings
   966 | D:3      | Reached skill level 1 in Bows
   966 | D:3      | Reached skill level 1 in Crossbows
   966 | D:3      | Reached skill level 1 in Throwing
   966 | D:3      | Reached skill level 1 in Armour
   966 | D:3      | Reached skill level 1 in Shields
   966 | D:3      | Reached skill level 1 in Unarmed Combat
   966 | D:3      | Reached skill level 1 in Spellcasting
   966 | D:3      | Reached skill level 1 in Evocations
   966 | D:3      | Reached XP level 4. HP: 1/41 MP: 5/5
   975 | D:3      | Became a worshipper of Fedhas Madash
   975 | D:3      | Reached * piety under Fedhas
   975 | D:3      | Reached ** piety under Fedhas
  1107 | D:3      | Reached *** piety under Fedhas
  1399 | D:3      | Noticed Natasha
  1450 | D:3      | Killed Natasha
  1450 | D:3      | Reached skill level 1 in Conjurations
  1450 | D:3      | Reached skill level 1 in Hexes
  1450 | D:3      | Reached skill level 1 in Charms
  1450 | D:3      | Reached skill level 1 in Summonings
  1450 | D:3      | Reached skill level 1 in Necromancy
  1450 | D:3      | Reached skill level 1 in Translocations
  1450 | D:3      | Reached skill level 1 in Transmutations
  1450 | D:3      | Reached skill level 1 in Fire Magic
  1450 | D:3      | Reached skill level 1 in Ice Magic
  1450 | D:3      | Reached skill level 1 in Air Magic
  1450 | D:3      | Reached skill level 1 in Earth Magic
  1450 | D:3      | Reached skill level 1 in Poison Magic
  1646 | D:4      | Reached XP level 5. HP: 28/47 MP: 5/7
  2380 | D:4      | Reached XP level 6. HP: 53/53 MP: 8/8
  2453 | D:5      | Entered Level 5 of the Dungeon
  2489 | D:5      | Noticed a moth of wrath
  2492 | D:5      | Found a bloodstained altar of Trog.
  2683 | D:5      | Noticed a sky beast
  2709 | D:5      | Killed a sky beast
  2709 | D:5      | Reached XP level 7. HP: 36/59 MP: 10/10
  2936 | D:5      | Reached skill level 5 in Stealth
  3177 | D:5      | Found a runed translucent door.
  3178 | D:5      | Noticed Crazy Yiuf
  3199 | D:5      | Paralysed by Crazy Yiuf for 5 turns
  3208 | D:5      | Killed Crazy Yiuf
  3493 | D:6      | Noticed Duvessa
  3495 | D:6      | Noticed Dowan
  3505 | D:5      | Reached XP level 8. HP: 41/67 MP: 12/12
  3558 | D:6      | Killed Duvessa
  3566 | D:5      | HP: 1/67 [quokka (4)]
  3570 | D:5      | Killed Dowan
  3686 | D:6      | Found a sacrificial altar of Ru.
  3687 | D:6      | Noticed Blork the orc
  3695 | D:6      | Banished Blork the orc
  3784 | D:6      | Learned a level 3 spell: Mephitic Cloud
  3788 | D:6      | Found a runed translucent gate.
  3790 | D:6      | Found a runed translucent gate.
  3790 | D:6      | Found a runed translucent gate.
  3790 | D:6      | Noticed a kobold demonologist
  3791 | D:6      | Noticed SeriousVitamin's ghost (novice DEFE)
  4085 | D:6      | Noticed a shapeshifter
  4085 | D:6      | a centaur changed into a shapeshifter
  4085 | D:6      | a shapeshifter changed into an eye of draining
  4151 | D:6      | Reached XP level 9. HP: 70/71 MP: 8/14
  4314 | D:7      | Found Datz's Assorted Antiques.
  4458 | D:7      | Found a staircase to the Ecumenical Temple.
  4466 | D:7      | Bought a scroll labeled JEPONI UNEAGI for 27 gold pieces
  4466 | D:7      | Bought a scroll labeled CEXUPNA AHOY for 27 gold pieces
  4466 | D:7      | Bought an amethyst potion for 24 gold pieces
  4918 | Temple   | Entered the Ecumenical Temple
  5516 | D:8      | HP: 2/73 [orc wizard/+0 dagger (5)]
  5900 | D:8      | Reached skill level 5 in Invocations
  6339 | D:8      | Noticed Harold
  6360 | D:8      | Killed Harold
  6360 | D:8      | Reached XP level 10. HP: 26/80 MP: 15/17
  6599 | D:9      | Reached skill level 5 in Short Blades
  6599 | D:9      | Reached skill level 5 in Axes
  6599 | D:9      | Reached skill level 5 in Maces & Flails
  6599 | D:9      | Reached skill level 5 in Polearms
  6599 | D:9      | Reached skill level 5 in Staves
  6599 | D:9      | Reached skill level 5 in Slings
  6599 | D:9      | Reached skill level 5 in Bows
  6599 | D:9      | Reached skill level 5 in Crossbows
  6599 | D:9      | Reached skill level 5 in Throwing
  6599 | D:9      | Reached skill level 5 in Armour
  6599 | D:9      | Reached skill level 5 in Shields
  6599 | D:9      | Reached skill level 5 in Unarmed Combat
  6599 | D:9      | Reached skill level 5 in Spellcasting
  6599 | D:9      | Reached skill level 5 in Evocations
  6803 | D:9      | Noticed a two-headed ogre
  6811 | D:9      | Killed a two-headed ogre
  6820 | D:9      | Found a staircase to the Lair.
  6822 | D:9      | Noticed a cyclops
  6842 | D:9      | Killed a cyclops
  7166 | D:9      | Found Viumi's Serpentskin Sales.
  7210 | D:9      | Noticed Maurice
  7210 | D:9      | Noticed a two-headed ogre
  7227 | D:9      | Killed a two-headed ogre
  7232 | D:9      | Killed Maurice
  7301 | D:10     | Entered Level 10 of the Dungeon
  7430 | D:10     | Killed an unseen horror
  7430 | D:10     | Reached XP level 11. HP: 37/87 MP: 15/19
  7586 | D:10     | Reached **** piety under Fedhas
  7708 | D:10     | Found the +7 mace of Variability {chain chaos}
  7716 | D:10     | Paralysed by a chaos spawn for 7 turns
  7798 | D:10     | Found a shimmering altar of Xom.
  8144 | D:11     | Reached skill level 5 in Conjurations
  8144 | D:11     | Reached skill level 5 in Hexes
  8144 | D:11     | Reached skill level 5 in Charms
  8144 | D:11     | Reached skill level 5 in Summonings
  8144 | D:11     | Reached skill level 5 in Necromancy
  8144 | D:11     | Reached skill level 5 in Translocations
  8144 | D:11     | Reached skill level 5 in Transmutations
  8144 | D:11     | Reached skill level 5 in Fire Magic
  8144 | D:11     | Reached skill level 5 in Ice Magic
  8144 | D:11     | Reached skill level 5 in Air Magic
  8144 | D:11     | Reached skill level 5 in Earth Magic
  8144 | D:11     | Reached skill level 5 in Poison Magic
  8304 | D:11     | Noticed a six-headed hydra
  8310 | D:11     | Killed a six-headed hydra
  8380 | D:11     | Noticed a two-headed ogre
  8387 | D:11     | Killed a two-headed ogre
  8544 | D:11     | Noticed a white ugly thing
  8565 | D:11     | Killed a white ugly thing
  8635 | D:11     | Found Qobrial's Weapon Shoppe.
  9102 | D:11     | Noticed a manticore
  9112 | D:11     | Killed a manticore
  9414 | D:12     | Noticed a two-headed ogre
  9416 | D:12     | Killed a two-headed ogre
  9416 | D:12     | Reached XP level 12. HP: 96/96 MP: 20/22
  9428 | D:11     | HP: 4/96 [iguana (15)]
  9429 | D:11     | Slain by a yak

Skill      XL: |  1  2  3  4  5  6  7  8  9 10 11 |
---------------+----------------------------------+-----
Invocations    | 1 2 3 4 5 6 7 |  7.4
Short Blades   | 1 2 3 4 5 6 |  6.7
Axes           | 1 2 3 4 5 6 |  6.7
Maces & Flails | 1 2 3 4 5 6 |  6.7
Polearms       | 1 2 3 4 5 6 |  6.7
Staves         | 1 2 3 4 5 6 |  6.7
Slings         | 1 2 3 4 5 6 |  6.7
Bows           | 1 2 3 4 5 6 |  6.7
Crossbows      | 1 2 3 4 5 6 |  6.7
Throwing       | 1 2 3 4 5 6 |  6.7
Armour         | 1 2 3 4 5 6 |  6.7
Shields        | 1 2 3 4 5 6 |  6.7
Unarmed Combat | 1 2 3 4 5 6 |  6.7
Spellcasting   | 1 2 3 4 5 6 |  6.7
Evocations     | 1 2 3 4 5 6 |  6.7
Conjurations   | 1 2 3 4 5 |  5.5
Hexes          | 1 2 3 4 5 |  5.5
Charms         | 1 2 3 4 5 |  5.5
Summonings     | 1 2 3 4 5 |  5.5
Necromancy     | 1 2 3 4 5 |  5.5
Translocations | 1 2 3 4 5 |  5.5
Transmutations | 1 2 3 4 5 |  5.5
Fire Magic     | 1 2 3 4 5 |  5.5
Ice Magic      | 1 2 3 4 5 |  5.5
Air Magic      | 1 2 3 4 5 |  5.5
Earth Magic    | 1 2 3 4 5 |  5.5
Poison Magic   | 1 2 3 4 5 |  5.5
Fighting       | 7 8 9 |  9.4
Long Blades    | 7 8 9 |  9.4
Dodging        | 7 8 9 |  9.4
Stealth        | 5 6 7 8 |  8.0

Action                   |  1- 3 |  4- 6 |  7- 9 | 10-12 || total
-------------------------+-------+-------+-------+-------++-------
Melee: Falchion          |   118 |   149 |    70 |       ||   337
       Bite              |    10 |    33 |    61 |    25 ||   129
       Punch             |     1 |     3 |     2 |       ||     6
       Quarterstaff      |       |       |   293 |   108 ||   401
       Great mace        |       |       |       |   125 ||   125
Invok: Fungal Bloom      |       |     4 |     5 |     7 ||    16
Evoke: Wand              |       |       |     2 |    16 ||    18
  Use: Potion            |     2 |     1 |     6 |     4 ||    13
       Scroll            |       |     7 |     9 |     3 ||    19
 Stab: Sleeping          |     9 |     8 |    14 |     7 ||    38
       Distracted        |       |       |     1 |       ||     1
       Confused          |       |       |     1 |       ||     1
       Petrifying        |       |       |     2 |     2 ||     4
       Paralysed         |       |       |       |     1 ||     1
  Eat: Chunk             |       |     6 |    11 |     9 ||    26
       Ration            |       |       |     5 |     3 ||     8
Armor: Robe              |    11 |    21 |    63 |    47 ||   142
       Skin              |       |       |     1 |       ||     1
Dodge: Dodged            |    94 |   118 |   350 |   293 ||   855
       Rpst.: Falchion   |    34 |    36 |    21 |       ||    91
